 Dungeon Crawl Stone Soup version 0.28-a0-1227-ga9037bb4c8 (webtiles) character file.

Game seed: 10812657398826589726

18 Lavandula the Ruffian (level 2, -2/21 HPs)
             Began as a Formicid Transmuter on Dec 22, 2021.
             Slain by a goblin (3 damage)
             ... on level 2 of the Dungeon.
             The game lasted 00:01:57 (1353 turns).

Lavandula the Ruffian (Formicid Transmuter)         Turns: 1353, Time: 00:01:58

Health: -2/21      AC:  2    Str: 14    XL:     2   Next: 85%
Magic:  2/5        EV: 12    Int: 12    God:
Gold:   47         SH:  0    Dex: 11    Spells: 1/5 levels left

rFire   . . .      SeeInvis +     - Unarmed
rCold   . . .      Faith    .   (no shield)
rNeg    . . .      Spirit   .   a - +0 robe
rPois   .          Reflect  .   (helmet unavailable)
rElec   .          Harm     .   (no cloak)
rCorr   +          Rampage  .   (no gloves)
Will    .....                   (boots currently unavailable)
Stlth   +.........              (no amulet)
HPRegen 0.07/turn               f - ring of flight
MPRegen 0.09/turn               e - ring of resist corrosion

@: appendages, wereblooded, flying, studying Bows
A: talons 2, permanent stasis, dig shafts and tunnels, antennae 3, four strong
arms
a: Dig, Shaft Self, End Transformation


You were on level 2 of the Dungeon.
You had temporarily grown beastly talons.
You visited 1 branch of the dungeon, and saw 2 of its levels.

You collected 47 gold pieces.

Inventory:

Missiles
 d - a throwing net
Armour
 a - a +0 robe (worn)
Jewellery
 e - a ring of resist corrosion (right hand)
 f - a ring of flight (left hand)
Scrolls
 i - a scroll of teleportation {unknown}
Potions
 b - 2 potions of lignification {unknown}
 c - 2 potions of degeneration {unknown}
 g - a potion of cancellation {unknown}
 h - a potion of might {unknown}


   Skills:
 - Level 1.1 Fighting
 - Level 1.7 Dodging
 - Level 3.8 Unarmed Combat
 + Level 2.3 Spellcasting
 - Level 2.1 Transmutations


You had one spell level left.
You knew the following spells:

 Your Spells              Type           Power      Damage    Failure   Level
a - Beastly Appendage     Tmut           12%        N/A       11%         1
b - Wereblood             Tmut           6%         N/A       16%         2
g - Apportation           Tloc           2%         N/A       26%         1

Your spell library contained the following spells:

 Spells                   Type           Power      Damage    Failure   Level
 Animate Skeleton         Necr           2%         N/A       26%         1
 Summon Small Mammal      Summ           4%         N/A       26%         1
 Spider Form              Tmut/Pois      4%         N/A       45%         3
 Ice Form                 Ice/Tmut       4%         N/A       86%         4


Dungeon Overview and Level Annotations

Branches:
Dungeon (2/15)

Altars:
Makhleb

Annotations:
D:2 exclusion: adder


Innate Abilities, Weirdness & Mutations

You have temporarily grown beastly talons.
You cannot be hasted, slowed, berserked, paralysed or teleported.
You can dig through walls and to a lower floor.
You have a pair of large antennae on your head. (SInv)
Your four strong arms can wield two-handed weapons with a shield.


Message History

You hit the goblin.
The goblin is moderately wounded.
The goblin hits you with a +0 dagger.
You hit the goblin.
The goblin is heavily wounded.
The goblin hits you with a +0 dagger.
You hit the goblin.
You feel a bit better.
You kill the goblin!
You punch the rat!
You feel a bit better.
You kill the rat!
The goblin shoots a stone.
The stone hits you. The stone freezes you.
Your transformation is almost over.
The goblin unwields a +1 hunting sling of freezing.
The goblin wields a +0 dagger.
The goblin hits you with a +0 dagger.
There is an open door here.
You see here a +0 dagger.
You are too injured to fight recklessly!
You are too injured to fight recklessly!
You are too injured to fight recklessly!
You closely miss the goblin.
You howl as the wereblood boils in your veins!
You hit the goblin but do no damage. The goblin hits you with a +0 dagger.
You barely miss the goblin. Your kick misses the goblin.
The goblin hits you with a +0 dagger.
* * * LOW HITPOINT WARNING * * *
Unknown command.
You barely miss the goblin. Your kick misses the goblin.
The goblin closely misses you.
Unknown command.
You howl as the wereblood boils in your veins!
Casting: Wereblood (safe; 16% risk of failure)
Confirm with . or Enter, or press ? or * to list all spells.
You extend your transformation's duration.
The goblin hits you with a +0 dagger.
* * * LOW HITPOINT WARNING * * *
Unknown command.
You hit the goblin. Your kick misses the goblin.
The goblin is severely wounded.
The goblin hits you with a +0 dagger.
You die...

+.......# #.......#
#.......# #.......#
#.......# #.......#.#
#.......#.# # #g# #.#
################@# #.#
#................#+#.#
.........#...........#
#.######.#...........#
#.#....#.#...........#
#.###..#.#########+#.#
#.#............. #.#
#.#+####.####### #.#
.........###### #.#


You could see a goblin.

Vanquished Creatures
  2 endoplasms (D:1)
  A giant cockroach (D:1)
  3 goblins
  2 hobgoblins (D:1)
  A kobold (D:2)
  A quokka (D:1)
  A ball python (D:1)
  A bat (D:1)
  4 rats
16 creatures vanquished.

Notes
Turn   | Place    | Note
-------+----------+-------------------------------------------
     0 | D:1      | Lavandula the Formicid Transmuter began the quest for the
                  | Orb.
     0 | D:1      | Reached XP level 1. HP: 15/15 MP: 3/3
   329 | D:1      | Reached XP level 2. HP: 21/21 MP: 3/5
  1082 | D:1      | Learned a level 2 spell: Wereblood
  1084 | D:1      | Learned a level 1 spell: Apportation
  1232 | D:2      | Found a burning altar of Makhleb.
  1352 | D:2      | HP: 1/21 [goblin (4)]
  1353 | D:2      | Slain by a goblin

Illustrated notes

Levels and vault maps discovered:
D:1:      eino_arrival_water_star, layout_loops_ring, serial_forest,
          infiniplex_forest_end_1, infiniplex_forest_lined_3,
          infiniplex_forest_clump_tiny, infiniplex_forest_split,
          infiniplex_forest_end_2, infiniplex_forest_straight_3,
          infiniplex_forest_lined_1, infiniplex_forest_lined_ring,
          nrook_mini_backslash
D:2:      layout_basic, basic_altar

Action                   || total
-------------------------++-------
Melee: Unarmed           ||    44
       Kick              ||     7
 Cast: Beastly Appendage ||    14
       Wereblood         ||     1
 Abil: Dig               ||     1
 Stab: Sleeping          ||     2
Armor: Robe              ||     8
Dodge: Dodged            ||    14

Table legend: (Time is in decaauts)
 A = Elapsed time spent in this place.
 B = Non-inter-level travel time spent in this place.
 C = Inter-level travel time spent in this place.
 D = Time resting spent in this place.
 E = Time spent auto-exploring this place.
 F = Levels seen in this place.
 G = Mean time per level.
                   A        B        C        D        E       F      G
               +--------+--------+--------+--------+--------+-----+--------+
         Total |   1350 |   1305 |     45 |      0 |   1137 |   2 |  675.0 |
       Dungeon |   1350 |   1305 |     45 |      0 |   1137 |   2 |  675.0 |
               +--------+--------+--------+--------+--------+-----+--------+

Top non-repeatable levels by time:
     D:1: 1081 daAuts
     D:2: 269 daAuts
